 Dungeon Crawl Stone Soup version 0.31.0-9-g3a7656b989 (webtiles) character file.

Game seed: 17285199898751915162

26 H0rd4k the Charlatan (level 3, 0/28 HPs)
             Began as a Human Artificer on Jan 30, 2024.
             Succumbed to a goblin's poison
             ... on level 1 of the Dungeon.
             The game lasted 00:00:57 (737 turns).

H0rd4k the Charlatan (Human Artificer)               Turns: 737, Time: 00:00:57

Health: 0/28       AC:  7    Str: 12    XL:     3   Next: 8%
Magic:  3/3        EV: 11    Int: 13    God:
Gold:   52         SH:  0    Dex: 13    Spells: 2/2 levels left

rFire   . . .        a - +0 club
rCold   . . .        (no shield)
rNeg    . . .        b - +0 leather armour
rPois   .            (no helmet)
rElec   .            (no cloak)
rCorr   .            (no gloves)
SInv    .            (no boots)
Will    .....        (no amulet)
Stlth   +            (no ring)
HPRegen 0.24/turn    (no ring)
MPRegen 0.08/turn

%: no passive effects
@: lethally poisoned (0 -> -17)
A: explore regen, iridescent scales 2, wild magic 1
a: no special abilities


You were on level 1 of the Dungeon.
You visited 1 branch of the dungeon, and saw 1 of its levels.

You collected 52 gold pieces.

Inventory:

Hand Weapons
 a - a +0 club (weapon)
Armour
 b - a +0 leather armour (worn)
Wands
 c - a wand of flame (14) (quivered)
 d - a wand of charming (15)
 e - a wand of iceblast (5)
Scrolls
 f - 2 scrolls of identify {unknown}
 g - a scroll of butterflies {unknown}
Potions
 h - a potion of mutation
 i - a potion of heal wounds {unknown}


   Skills:
 + Level 2.9 Fighting
 - Level 2.0 Armour
 - Level 1.0 Dodging
 - Level 1.0 Stealth
 - Level 3.0 Evocations


You had 2 spell levels left.
You didn't know any spells.
Your spell library was empty.

Dungeon Overview and Level Annotations

Branches:
Dungeon (1/15)

Altars:


Innate Abilities, Weirdness & Mutations

You regain HP and MP as you explore.
You are mostly covered in iridescent scales. (AC +4)
Your spells are a little harder to cast, but a little more powerful.


Message History

No target in view!
You now have 52 gold pieces (gained 6).
You see here a +0 whip.
A goblin comes into view. It is wielding a +3 dagger of venom.
The goblin shouts!
A goblin is nearby!
A goblin is nearby!
The goblin barely misses you.
You hit the goblin but do no damage. The goblin completely misses you.
You barely miss the goblin.
The goblin hits you with a +3 dagger of venom.
You are poisoned.
The goblin closely misses you.
You closely miss the goblin.
You feel very sick.
The goblin hits you with a +3 dagger of venom.
You are lethally poisoned!
You miss the goblin.
You feel very sick. The goblin hits you but does no damage.
You are more poisoned.
You are too injured to fight recklessly!
You are too injured to fight recklessly!
You are too injured to fight recklessly!
You are too injured to fight recklessly!
You are too injured to fight recklessly!
There is a lethal amount of poison in your body!
There is a lethal amount of poison in your body!
Aiming: Throw Flame
Press: ? - help, Shift-Dir - straight line, f - goblin
Aim: a goblin, wielding a +3 dagger of venom (64% to hit)
The puff of flame hits the goblin!
You kill the goblin!
* * * LOW HITPOINT WARNING * * *
You feel very sick.
It was a potion of mutation.
You feel extremely strange.
Iridescent scales grow over part of your body.
Iridescent scales spread over more of your body.
You feel less in control of your magic.
You die...

### #.##############
#..............#
#.############## #.#
#.##############.# #.#
####....)......@)...# #.#
##..........###########
#.#
......................#
#.#
##..........#########.#
#.#
#..................#.####
#.#
#...........######.#....#
#.# #...........#
#.####.###.##
############.#
#.#.........# ..# #.#
#.#.##.######


There were no monsters in sight!

Vanquished Creatures
  3 endoplasms (D:1)
  3 hobgoblins (D:1)
  2 jackals (D:1)
  A quokka (D:1)
  A ball python (D:1)
  3 bats (D:1)
  2 frilled lizards (D:1)
  4 goblins (D:1)
  2 kobolds (D:1)
  4 rats (D:1)
25 creatures vanquished.

Notes
Turn   | Place    | Note
-------+----------+-------------------------------------------
     0 | D:1      | H0rd4k the Human Artificer began the quest for the Orb.
     0 | D:1      | Reached XP level 1. HP: 15/15 MP: 1/1
   111 | D:1      | Reached XP level 2. HP: 22/22 MP: 2/2
   545 | D:1      | Reached XP level 3. HP: 10/28 MP: 3/3
   737 | D:1      | Gained mutation: You are partially covered in iridescent
                  | scales. (AC +2) [potion of mutation]
   737 | D:1      | Gained mutation: You are mostly covered in iridescent
                  | scales. (AC +4) [potion of mutation]
   737 | D:1      | Gained mutation: Your spells are a little harder to cast,
                  | but a little more powerful. [potion of mutation]
   737 | D:1      | Succumbed to a goblin's poison

Illustrated notes

Levels and vault maps discovered:
D:1:      elethiomel_arrival_diamonds, layout_basic

Skill      XL: |  1 |
---------------+----+-----
Fighting       | 2 |  2.9
Armour         | |  2.0
Dodging        | |  1.0
Stealth        | |  1.0
Evocations     | |  3.0

Action                     || total
---------------------------++-------
  Melee: Club              ||   119
         Punch             ||     1
  Evoke: Wand              ||     1
    Use: Potion            ||     1
 Armour: Leather armour    ||    81
  Dodge: Dodged            ||    92
